 Dungeon Crawl Stone Soup version 0.29.0-4-gdea44cf6ec (webtiles) character file.

Game seed: 873885950187288168

8 qw the Sneak (level 2, -1/19 HPs)
             Began as a Gargoyle Delver on Sept 10, 2022.
             Shot with a sling bullet by a goblin (6 damage)
             ... led by Robin
             ... on level 4 of the Dungeon.
             The game lasted 00:00:03 (39 turns).

qw the Sneak (Gargoyle Delver)                        Turns: 39, Time: 00:00:03

Health: -1/19      AC:  5    Str: 15    XL:     2   Next: 8%
Magic:  2/2        EV: 11    Int: 10    God:
Gold:   0          SH:  0    Dex: 11    Spells: 1/1 levels left

rFire   . . .      SeeInvis .   a - +0 hand axe
rCold   . . .      Faith    .   (no shield)
rNeg    + . .      Spirit   .   b - +0 leather armour
rPois   inf        Reflect  .   (no helmet)
rElec   +          Harm     .   (no cloak)
rCorr   .          Rampage  .   (no gloves)
Will    .....                   (no boots)
Stlth   +++.......              (no amulet)
HPRegen 0.06/turn               (no ring)
MPRegen 0.08/turn               (no ring)

@: no status effects
A: sickness immunity, AC +2, negative energy resistance 1, electricity
resistance, torment resistance 1, petrification resistance
a: no special abilities


You were on level 4 of the Dungeon.
You visited 1 branch of the dungeon, and saw 2 of its levels.


Innate Abilities, Weirdness & Mutations

You are immune to sickness and miasma.
Your stone body is resilient. (AC +2)
You are immune to poison.
You resist negative energy. (rN+)
You are resistant to electric shocks. (rElec)
You are resistant to unholy torment.
You are immune to petrification.


   Skills:
 - Level 3.2 Fighting
 + Level 2.5 Axes
 - Level 1.5 Dodging
 - Level 5.4 Stealth


You had one spell level left.
You didn't know any spells.
Your spell library was empty.

Inventory:

Hand Weapons
 a - a +0 hand axe (weapon)
Armour
 b - a +0 leather armour (worn)
Wands
 g - a wand of digging (3)
Potions
 f - a potion of haste

Dungeon Overview and Level Annotations

Branches:
Dungeon (5/15)
 Temple: D:4-7

Altars:

Annotations:
D:4 Robin


Message History

You hit the goblin but do no damage. x2
The goblin hits you but does no damage. Robin throws the goblin at you!
The goblin unwields a +0 club.
The goblin wields a +0 sling.
The goblin shoots a sling bullet.
The sling bullet hits you.
The goblin hits you but does no damage. x2
You hear a shout!
You hit the goblin.
You kill the goblin!
You barely miss the goblin. You hit the goblin.
The goblin hits you but does no damage. The goblin barely misses you.
The goblin shoots a sling bullet.
The sling bullet hits you but does no damage.
The goblin closely misses you. The goblin hits you with a +0 dagger.
You hear an angry growl.
You miss the goblin.
The goblin is severely wounded.
You closely miss the goblin.
The goblin shoots a sling bullet.
The sling bullet closely misses you. The goblin closely misses you.
The goblin hits you but does no damage.
A hobgoblin comes into view.
The goblin shoots a sling bullet.
The sling bullet closely misses you.
The hobgoblin shouts!
You hear a shout!
You hit the goblin.
You kill the goblin!
You closely miss Robin. You hit the goblin.
You kill the goblin!
Robin roars a battlecry!
The goblins go into a battle-frenzy!
The goblin shoots a sling bullet.
The sling bullet barely misses you.
You have reached level 2!
You closely miss Robin.
A hobgoblin comes into view.
Robin hits you with a +7 club.
The goblin shoots a sling bullet.
The sling bullet hits you.
You slash Robin!
Robin is moderately wounded.
Robin says, "We wiped out the hill dwarves - you're next!"
Robin hits you with a +7 club.
The goblin shoots a sling bullet.
The sling bullet hits you.
You die...

############
#.>....)@..#
#...?..)ggg#
#...:....g..g...
#..........#####
#######..###
##.# #.# ..# ...


You could see Robin, 3 hobgoblins and a goblin (strong).

Vanquished Creatures
  4 goblins (D:4)
  2 hobgoblins (D:4)
6 creatures vanquished.

Notes
Turn   | Place    | Note
-------+----------+-------------------------------------------
     0 | D:5      | qw the Gargoyle Delver began the quest for the Orb.
     0 | D:5      | Reached XP level 1. HP: 14/14 MP: 1/1
     0 | D:5      | 0 ||| qw: Version: 0.1-a-116-g5d60599
     0 | D:5      | 0 ||| qw: Game counter: 7935
     0 | D:5      | 0 ||| qw: Always use a shield: true
     0 | D:5      | 0 ||| qw: God list: Okawaru
     0 | D:5      | 0 ||| qw: Allow faded altars: false
     0 | D:5      | 0 ||| qw: Do Orc after D:15 true
     0 | D:5      | 0 ||| qw: Do second Lair branch before Depths: true
     0 | D:5      | 0 ||| qw: Lair rune preference: random
     0 | D:5      | 0 ||| qw: Plans: Normal
     0 | D:5      | 0 ||| PLANNING D:1-11
     0 | D:5      | 0 ||| DROPPING scroll of fog.
     1 | D:5      | 1 ||| DROPPING scroll of magic mapping.
     2 | D:5      | 2 ||| DROPPING scroll of fear.
    29 | D:4      | 29 ||| Stepping ~*~*~tactically~*~*~ (hiding).
    30 | D:4      | Noticed Robin
    38 | D:4      | Reached XP level 2. HP: 15/19 MP: 2/2
    39 | D:4      | Shot with a sling bullet by a goblin

Levels and vault maps discovered:
D:4:      layout_rooms, minmay_rat_hole, uniq_robin, uniq_pikel
D:5:      layout_rooms, mainiacjoe_overflow_brackets, zin_angel,
          general_overflow_altar, trog_wizard,
          grunt_temple_overflow_lords_of_destruction,
          biasface_ghost_orc_armoury, uniq_duvessa, uniq_edmund

Skill      XL: |  1 |
---------------+----+-----
Axes           | 2 |  2.5
Fighting       | |  3.2
Dodging        | |  1.5
Stealth        | |  5.4

Action                   || total
-------------------------++-------
Melee: Hand axe          ||     9
Armor: Leather armour    ||    10
Dodge: Dodged            ||     8

Table legend:
 A = Non-vault XP
 B = Vault XP
 C = Vault XP percentage of total XP
 D = Non-vault monster count
 E = Vault monster count
 F = Vault count percentage of total count
                 A         B        C        D         E       F
            +---------+---------+-------+---------+---------+-------
      Total |       0 |      12 | 100.0 |       0 |       6 | 100.0
            +---------+---------+-------+---------+---------+-------
        D:4 |       0 |      12 | 100.0 |       0 |       6 | 100.0
            +---------+---------+-------+---------+---------+-------
